Colorado Rockies vs Anaheim Ducks
(R2)
Created - Sunday, February 4, 2024 at 08:40
Goals
|
| Colorado Rockies |
0 |
1 |
1 |
2 |
| Anaheim Ducks |
1 |
0 |
2 |
3 |
|
Shots
|
| Colorado Rockies |
10 |
9 |
11 |
30 |
| Anaheim Ducks |
11 |
11 |
11 |
33 |
|
1st period
1. Anaheim Ducks , Alex Killorn 1 (Chandler Stephenson 1) at 4:37
Penalties :
Kevin Hayes (COL) for Interference (Minor) at 7:57, William Nylander (ANA) for Holding (Minor) at 15:57, Nazem Kadri (ANA) for High sticking (Minor) at 19:57
2nd period
2. Colorado Rockies , Tim Stutzle 1 (David Pastrnak 1, Quinn Hughes 2) at 3:44
Penalties :
Vince Dunn (COL) for Hooking (Minor) at 5:18, Vince Dunn (COL) for Roughing (Minor) at 13:04
3rd period
3. Anaheim Ducks , Mark Scheifele 4 (Joshua Morrissey 1, John Tavares 2) at 3:22
4. Colorado Rockies , Tim Stutzle 2 (Nick Schmaltz 1, Vince Dunn 1) at 6:15 (PP)
5. Anaheim Ducks , Mason Marchment 1 (Nazem Kadri 1, Ivan Provorov 1) at 10:01
Penalties :
Max Domi (ANA) for Tripping (Minor) at 0:43, Joshua Morrissey (ANA) for Hooking (Minor) at 5:22, John Tavares (ANA) for Hooking (Minor) at 11:18, Vince Dunn (COL) for Slashing (Minor) at 17:10
Goalie Stats
Joey Daccord (COL), 30 saves from 33 shots - (0.909), L, 0-1-0, 60:00 minutes
Linus Ullmark (ANA), 28 saves from 30 shots - (0.933), W, 2-1-0, 60:00 minutes
Players Stats for Colorado Rockies
Player Name G A P +/- PIM S H SB GA TA FO MP PP MP PK MP
------------------------------------------------------------------------------------
Andrew Peeke 0 0 0 0 0 0 4 0 0 2 0/0 22:24 4:57 3:46
David Pastrnak 0 1 1 0 0 3 2 0 0 1 1/1 16:25 4:18 0:00
Evgeny Kuznetsov 0 0 0 0 0 1 1 0 0 0 2/6 10:16 0:00 0:00
Jesper Bratt 0 0 0 0 0 1 0 0 1 0 0/1 17:10 4:18 0:45
Kevin Hayes 0 0 0 0 2 0 0 0 0 0 0/0 10:29 0:00 0:00
Kyle Connor 0 0 0 -2 0 5 0 0 0 0 0/0 17:23 4:12 0:13
Kyle Palmieri 0 0 0 0 0 1 0 0 0 0 0/0 6:54 0:00 0:00
Martin Fehervary 0 0 0 -1 0 0 1 1 0 0 0/0 15:39 0:00 4:21
Michael Bunting 0 0 0 0 0 3 0 0 1 0 1/3 8:07 0:44 0:00
Nick Bonino 0 0 0 0 0 1 0 1 0 1 9/14 11:46 0:00 4:08
Nick Schmaltz 0 1 1 0 0 2 1 0 0 0 0/0 14:12 0:28 2:59
Nikita Kucherov 0 0 0 -2 0 2 0 1 0 0 0/0 16:57 4:12 0:00
Nikita Zadorov 0 0 0 -1 0 0 1 4 0 0 0/0 15:23 0:00 3:35
Quinn Hughes 0 1 1 -1 0 2 1 1 0 0 0/0 22:16 3:52 0:38
Ryan O'Reilly 0 0 0 -2 0 3 1 0 0 0 10/23 20:37 3:44 3:45
Tim Stutzle 2 0 2 0 0 4 0 0 1 0 8/14 20:59 4:31 3:59
Victor Hedman 0 0 0 -1 0 1 1 4 0 2 0/0 25:53 3:52 3:35
Vince Dunn 0 1 1 0 6 1 0 1 0 2 0/0 19:10 4:57 0:00
Players Stats for Anaheim Ducks
Player Name G A P +/- PIM S H SB GA TA FO MP PP MP PK MP
------------------------------------------------------------------------------------
Alex Killorn 1 0 1 1 0 4 0 0 1 0 0/1 19:10 2:49 5:02
Brayden Schenn 0 0 0 1 0 0 0 0 0 0 0/0 8:21 0:54 0:29
Brenden Dillon 0 0 0 1 0 1 2 1 0 0 0/0 17:50 0:00 4:28
Calle Jarnkrok 0 0 0 0 0 0 1 0 0 0 0/0 9:43 0:50 0:00
Chandler Stephenson 0 1 1 1 0 2 1 0 0 0 15/25 19:10 2:49 5:02
Esa Lindell 0 0 0 0 0 1 2 3 0 1 0/0 20:37 0:00 4:28
Ivan Provorov 0 1 1 1 0 2 1 1 0 2 0/0 23:18 3:08 4:21
J.T. Compher 0 0 0 0 0 2 1 0 1 0 0/6 13:36 0:36 3:18
John Tavares 0 1 1 0 2 2 4 0 1 0 13/23 19:23 4:13 0:00
Josh Manson 0 0 0 1 0 1 2 1 0 0 0/0 19:58 3:08 4:21
Joshua Morrissey 0 1 1 1 2 1 2 2 1 0 0/0 19:24 4:48 0:00
Mark Scheifele 1 0 1 0 0 5 2 0 0 0 1/2 18:38 4:19 0:00
Mason Marchment 1 0 1 1 0 1 0 0 0 0 0/0 7:07 0:00 0:00
Max Domi 0 0 0 1 2 3 1 0 0 0 0/1 14:31 2:49 0:29
Morgan Rielly 0 0 0 0 0 0 3 1 0 0 0/0 18:52 4:48 0:00
Nazem Kadri 0 1 1 1 2 1 0 0 0 0 1/2 7:35 0:00 0:00
Teuvo Teravainen 0 0 0 0 0 2 0 0 1 0 0/0 14:17 0:14 3:18
William Nylander 0 0 0 0 2 5 3 0 3 0 1/2 19:36 4:15 0:00
3 Stars
1 - Tim Stutzle (COL)
2 - Alex Killorn (ANA)
3 - Mason Marchment (ANA)
Power Play
Colorado Rockies - 1 on 5 Attempt(s) - 20.00%
Anaheim Ducks - 0 on 4 Attempt(s) - 0.00%
Penalty Kill
Colorado Rockies - 4 on 4 Attempt(s) - 100.00%
- Score 0 goal in Penalty Kill
Anaheim Ducks - 4 on 5 Attempt(s) - 80.00%
- Score 0 goal in Penalty Kill
Team Stat
Colorado Rockies - Hits : 13 - Faceoff Wins : 31 - Blocked Shots : 13 - Penalty Minutes : 8
Anaheim Ducks - Hits : 25 - Faceoff Wins : 31 - Blocked Shots : 9 - Penalty Minutes : 10
Official
Referees : Francis Charron and Dave Lewis
Linesman : Scott Driscoll and Tim Nowak
Game Notes
No Game Note
Finance
Level 1 -- Attendance: 5188 (86.47%) -- Ticket Income $518,800
Level 2 -- Attendance: 3917 (78.34%) -- Ticket Income $235,020
Level 3 -- Attendance: 1980 (66.00%) -- Ticket Income $91,080
Level 4 -- Attendance: 3397 (67.94%) -- Ticket Income $84,925
Luxury Box -- Attendance: 760 (76.00%) -- Ticket Income $152,000
Game was played at the Honda Center.
Total Attendance: 15242 (76.21%)
Total Ticket Income: $1,081,825
Other Income: $378,639
Total Income: $1,460,464
Colorado Rockies
5 vs 5 Forward
Center Left Wing Right Wing Time % Phy DF OF
1 Ryan O'Reilly Kyle Connor Nikita Kucherov 30 1 2 2
2 Tim Stutzle Jesper Bratt David Pastrnak 30 1 2 2
3 Evgeny Kuznetsov Nick Schmaltz Kevin Hayes 25 1 2 2
4 Nick Bonino Michael Bunting Kyle Palmieri 15 1 2 2
5 vs 5 Defense
Defense Defense Time % Phy DF OF
1 Victor Hedman Quinn Hughes 42 1 2 2
2 Vince Dunn Andrew Peeke 36 1 2 2
3 Martin Fehervary Nikita Zadorov 22 1 2 2
4 Victor Hedman Quinn Hughes 0 1 2 2
PowerPlay Forward
Center Left Wing Right Wing Time % Phy DF OF
1 Tim Stutzle Kyle Connor Nikita Kucherov 50 1 2 2
2 Ryan O'Reilly Jesper Bratt David Pastrnak 50 1 2 2
PowerPlay Defense
Defense Defense Time % Phy DF OF
1 Victor Hedman Quinn Hughes 50 1 2 2
2 Vince Dunn Andrew Peeke 50 1 2 2
Penalty Kill 4 Players Forward
Center Wing Time % Phy DF OF
1 Ryan O'Reilly Nick Schmaltz 50 1 2 2
2 Nick Bonino Tim Stutzle 50 1 2 2
Penalty Kill 4 Players Defense
Defense Defense Time % Phy DF OF
1 Martin Fehervary Andrew Peeke 50 1 2 2
2 Victor Hedman Nikita Zadorov 50 1 2 2
Penalty Kill - 3 Players Forward
Forward Time % Phy DF OF
1 Ryan O'Reilly 50 1 2 2
2 Nick Bonino 50 1 2 2
Penalty Kill - 3 Players Defense
Defense Defense Time % Phy DF OF
1 Andrew Peeke Victor Hedman 50 1 2 2
2 Martin Fehervary Nikita Zadorov 50 1 2 2
4 vs 4 Forward
Center Wing Time % Phy DF OF
1 Tim Stutzle Nikita Kucherov 50 1 2 2
2 Ryan O'Reilly David Pastrnak 50 1 2 2
4 vs 4 Defense
Defense Defense Time % Phy DF OF
1 Victor Hedman Quinn Hughes 50 1 2 2
2 Vince Dunn Andrew Peeke 50 1 2 2
Last Minutes Offensive
Center Left Wing Right Wing Defense Defense
Ryan O'Reilly Kyle Connor Nikita Kucherov Victor Hedman Quinn Hughes
Last Minutes Defensive
Center Left Wing Right Wing Defense Defense
Ryan O'Reilly Kyle Connor Nikita Kucherov Victor Hedman Quinn Hughes
Goaltenders
Starting : Joey Daccord
Backup : Andrei Vasilevskiy
Extra Forwards
Normal : Michael Bunting, Nick Schmaltz, Evgeny Kuznetsov - PP : Michael Bunting, Nick Schmaltz - PK : Evgeny Kuznetsov
Extra Defensemen
Normal : Martin Fehervary, Nikita Zadorov, Vince Dunn - PP : Martin Fehervary - PK : Nikita Zadorov, Vince Dunn
Penalty Shots
Evgeny Kuznetsov, Michael Bunting, Nikita Kucherov, Tim Stutzle, Nick Bonino
Anaheim Ducks
5 vs 5 Forward
Center Left Wing Right Wing Time % Phy DF OF
1 John Tavares William Nylander Mark Scheifele 40 1 2 2
2 Chandler Stephenson Max Domi Alex Killorn 30 1 2 2
3 J.T. Compher Teuvo Teravainen Calle Jarnkrok 20 1 2 2
4 Nazem Kadri Brayden Schenn Mason Marchment 10 1 2 2
5 vs 5 Defense
Defense Defense Time % Phy DF OF
1 Morgan Rielly Esa Lindell 35 1 2 2
2 Ivan Provorov Joshua Morrissey 35 1 2 2
3 Brenden Dillon Josh Manson 30 1 2 2
4 Morgan Rielly Esa Lindell 0 1 2 2
PowerPlay Forward
Center Left Wing Right Wing Time % Phy DF OF
1 John Tavares William Nylander Mark Scheifele 60 0 1 4
2 Chandler Stephenson Max Domi Alex Killorn 40 0 1 4
PowerPlay Defense
Defense Defense Time % Phy DF OF
1 Morgan Rielly Joshua Morrissey 60 1 2 2
2 Josh Manson Ivan Provorov 40 1 2 2
Penalty Kill 4 Players Forward
Center Wing Time % Phy DF OF
1 Chandler Stephenson Alex Killorn 55 1 3 1
2 J.T. Compher Teuvo Teravainen 45 1 3 1
Penalty Kill 4 Players Defense
Defense Defense Time % Phy DF OF
1 Esa Lindell Brenden Dillon 50 1 3 1
2 Ivan Provorov Josh Manson 50 1 3 1
Penalty Kill - 3 Players Forward
Forward Time % Phy DF OF
1 Alex Killorn 50 1 3 1
2 J.T. Compher 50 1 3 1
Penalty Kill - 3 Players Defense
Defense Defense Time % Phy DF OF
1 Esa Lindell Brenden Dillon 50 1 3 1
2 Josh Manson Ivan Provorov 50 1 3 1
4 vs 4 Forward
Center Wing Time % Phy DF OF
1 John Tavares William Nylander 60 1 2 2
2 Chandler Stephenson Mark Scheifele 40 1 2 2
4 vs 4 Defense
Defense Defense Time % Phy DF OF
1 Esa Lindell Morgan Rielly 50 1 2 2
2 Ivan Provorov Brenden Dillon 50 1 2 2
Last Minutes Offensive
Center Left Wing Right Wing Defense Defense
John Tavares William Nylander Mark Scheifele Morgan Rielly Joshua Morrissey
Last Minutes Defensive
Center Left Wing Right Wing Defense Defense
Chandler Stephenson Alex Killorn Teuvo Teravainen Ivan Provorov Esa Lindell
Goaltenders
Starting : Linus Ullmark
Backup : James Reimer
Extra Forwards
Normal : William Nylander, John Tavares, Mark Scheifele - PP : John Tavares, Mark Scheifele - PK : Alex Killorn
Extra Defensemen
Normal : Esa Lindell, Morgan Rielly, Joshua Morrissey - PP : Joshua Morrissey - PK : Esa Lindell, Morgan Rielly
Penalty Shots
William Nylander, Teuvo Teravainen, Mark Scheifele, Calle Jarnkrok, Alex Killorn
% Time on Ice - Colorado Rockies
Lines # - Real PCT - Wanted PCT - Time Play
Normal Forward
1 - 31% - 30% - 13:16
2 - 29% - 30% - 12:23
3 - 24% - 25% - 10:16
4 - 16% - 15% - 6:54
Normal Defense
1 - 40% - 42% - 17:07
2 - 33% - 36% - 14:11
3 - 25% - 22% - 10:33
4 - 2% - 0% - 0:58
PP Forward
1 - 51% - 50% - 4:31
2 - 49% - 50% - 4:18
PP Defense
1 - 44% - 50% - 3:52
2 - 56% - 50% - 4:57
PK Forward
1 - 51% - 50% - 4:01
2 - 49% - 50% - 3:55
PK Defense
1 - 55% - 50% - 4:21
2 - 45% - 50% - 3:35
PK3 Forward
1 - 0% - 50%
2 - 0% - 50%
PK3 Defense
1 - 0% - 50%
2 - 0% - 50%
44 Forward
1 - 0% - 50%
2 - 0% - 50%
44 Defense
1 - 0% - 50%
2 - 0% - 50%
Last Minute Offensive - 0:26
Last Minute Defensive - 0:00
Total
Forward - 60:00
Defense - 60:00
|
% Time on Ice - Anaheim Ducks
Lines # - Real PCT - Wanted PCT - Time Play
Normal Forward
1 - 35% - 40% - 14:52
2 - 27% - 30% - 11:39
3 - 21% - 20% - 8:49
4 - 17% - 10% - 7:07
Normal Defense
1 - 34% - 35% - 14:24
2 - 35% - 35% - 14:51
3 - 28% - 30% - 11:58
4 - 3% - 0% - 1:14
PP Forward
1 - 62% - 60% - 4:54
2 - 38% - 40% - 3:02
PP Defense
1 - 61% - 60% - 4:48
2 - 39% - 40% - 3:08
PK Forward
1 - 63% - 55% - 5:31
2 - 37% - 45% - 3:18
PK Defense
1 - 51% - 50% - 4:28
2 - 49% - 50% - 4:21
PK3 Forward
1 - 0% - 50%
2 - 0% - 50%
PK3 Defense
1 - 0% - 50%
2 - 0% - 50%
44 Forward
1 - 0% - 60%
2 - 0% - 40%
44 Defense
1 - 0% - 50%
2 - 0% - 50%
Last Minute Offensive - 0:00
Last Minute Defensive - 0:48
Total
Forward - 60:00
Defense - 60:00
|
Play-by-Play
1st period
0:01 of 1st period - Ryan O'Reilly wins face-off versus John Tavares in neutral zone.
0:06 of 1st period - Icing by Esa Lindell.
0:07 of 1st period - John Tavares wins face-off versus Ryan O'Reilly in Anaheim Ducks zone.
0:24 of 1st period - Snap shot by Kyle Connor.
0:24 of 1st period - Deflect By Ryan O'Reilly.
0:24 of 1st period - Stopped by Linus Ullmark with a rebound.
0:32 of 1st period - Snap shot by Kyle Connor.
0:32 of 1st period - Stopped by Linus Ullmark with a rebound.
0:46 of 1st period - Snap shot by Ryan O'Reilly.
0:46 of 1st period - Stopped by Linus Ullmark with a rebound.
0:48 of 1st period - Wrist shot by Ryan O'Reilly.
0:48 of 1st period - Stopped by Linus Ullmark without a rebound.
0:49 of 1st period - Chandler Stephenson wins face-off versus Tim Stutzle in Anaheim Ducks zone.
0:58 of 1st period - Wrist shot by Max Domi.
0:58 of 1st period - Stopped by Joey Daccord with a rebound.
2:02 of 1st period - Slapshot by Max Domi.
2:02 of 1st period - Stopped by Joey Daccord with a rebound.
2:45 of 1st period - Andrew Peeke is hit by John Tavares and loses puck.
2:52 of 1st period - Morgan Rielly is hit by Evgeny Kuznetsov and loses puck.
3:21 of 1st period - Snap shot by William Nylander.
3:21 of 1st period - Shot Blocked by Nikita Zadorov.
3:23 of 1st period - Snap shot by John Tavares.
3:23 of 1st period - Stopped by Joey Daccord without a rebound.
3:24 of 1st period - Nick Bonino wins face-off versus Chandler Stephenson in Colorado Rockies zone.
3:39 of 1st period - Slapshot by Kyle Palmieri.
3:39 of 1st period - Shot Misses the Net.
4:17 of 1st period - Snap shot by Brayden Schenn.
4:17 of 1st period - Shot Blocked by Quinn Hughes.
4:35 of 1st period - Snap shot by Chandler Stephenson.
4:35 of 1st period - Shot Misses the Net.
4:37 of 1st period - Slapshot by Alex Killorn.
4:37 of 1st period - Goal by Alex Killorn - Colorado Rockies : 0 - Anaheim Ducks : 1.
4:38 of 1st period - Tim Stutzle wins face-off versus Chandler Stephenson in neutral zone.
5:50 of 1st period - Josh Manson is hit by Ryan O'Reilly and loses puck.
5:59 of 1st period - Wrist shot by Kyle Connor.
5:59 of 1st period - Stopped by Linus Ullmark with a rebound.
6:01 of 1st period - Slapshot by Quinn Hughes.
6:01 of 1st period - Shot Blocked by Brenden Dillon.
6:15 of 1st period - Snap shot by Chandler Stephenson.
6:15 of 1st period - Stopped by Joey Daccord without a rebound.
6:16 of 1st period - Chandler Stephenson wins face-off versus Evgeny Kuznetsov in Colorado Rockies zone.
6:45 of 1st period - Snap shot by Chandler Stephenson.
6:45 of 1st period - Stopped by Joey Daccord with a rebound.
6:47 of 1st period - Slapshot by Joshua Morrissey.
6:47 of 1st period - Shot Misses the Net.
6:49 of 1st period - Slapshot by Alex Killorn.
6:49 of 1st period - Stopped by Joey Daccord with a rebound.
7:57 of 1st period - Minor Penalty to Kevin Hayes for Interference.
7:58 of 1st period - Nick Bonino wins face-off versus John Tavares in Colorado Rockies zone.
8:40 of 1st period - Ryan O'Reilly is hit by John Tavares and loses puck.
9:57 of 1st period - Penalty to Kevin Hayes is over, Kevin Hayes is back on ice.
10:28 of 1st period - Backhand shot by Kyle Connor.
10:28 of 1st period - Shot Misses the Net.
10:38 of 1st period - Quinn Hughes is hit by Brenden Dillon and loses puck.
11:03 of 1st period - Snap shot by Tim Stutzle.
11:03 of 1st period - Deflect By Nick Schmaltz.
11:03 of 1st period - Stopped by Linus Ullmark without a rebound.
11:04 of 1st period - Evgeny Kuznetsov wins face-off versus J.T. Compher in Anaheim Ducks zone.
11:11 of 1st period - Wrist shot by Evgeny Kuznetsov.
11:11 of 1st period - Stopped by Linus Ullmark without a rebound.
11:12 of 1st period - Ryan O'Reilly wins face-off versus Chandler Stephenson in Anaheim Ducks zone.
11:46 of 1st period - Wrist shot by Mark Scheifele.
11:46 of 1st period - Stopped by Joey Daccord without a rebound.
11:47 of 1st period - John Tavares wins face-off versus Michael Bunting in Colorado Rockies zone.
11:52 of 1st period - Snap shot by William Nylander.
11:52 of 1st period - Shot Misses the Net.
13:20 of 1st period - Slapshot by John Tavares.
13:20 of 1st period - Shot Blocked by Martin Fehervary.
13:36 of 1st period - Snap shot by Kyle Connor.
13:36 of 1st period - Stopped by Linus Ullmark without a rebound.
13:37 of 1st period - Ryan O'Reilly wins face-off versus J.T. Compher in Anaheim Ducks zone.
13:50 of 1st period - Snap shot by Kyle Connor.
13:50 of 1st period - Stopped by Linus Ullmark with a rebound.
14:16 of 1st period - Snap shot by Kyle Connor.
14:16 of 1st period - Stopped by Linus Ullmark with a rebound.
14:26 of 1st period - Snap shot by Teuvo Teravainen.
14:26 of 1st period - Stopped by Joey Daccord without a rebound.
14:27 of 1st period - Tim Stutzle wins face-off versus John Tavares in Colorado Rockies zone.
14:54 of 1st period - Nick Bonino is hit by Ivan Provorov and loses puck.
14:59 of 1st period - Snap shot by Max Domi.
14:59 of 1st period - Shot Blocked by Nick Bonino.
15:01 of 1st period - Snap shot by Chandler Stephenson.
15:01 of 1st period - Deflect By Alex Killorn.
15:01 of 1st period - Stopped by Joey Daccord without a rebound.
15:02 of 1st period - Chandler Stephenson wins face-off versus Nick Bonino in Colorado Rockies zone.
15:13 of 1st period - Snap shot by Chandler Stephenson.
15:13 of 1st period - Shot Misses the Net.
15:36 of 1st period - Off-side.
15:37 of 1st period - Mark Scheifele wins face-off versus Ryan O'Reilly in neutral zone.
15:40 of 1st period - Snap shot by John Tavares.
15:40 of 1st period - Shot Blocked by Nikita Kucherov.
15:52 of 1st period - Wrist shot by Ryan O'Reilly.
15:52 of 1st period - Shot Blocked by Ivan Provorov.
15:57 of 1st period - Minor Penalty to William Nylander for Holding.
15:58 of 1st period - Tim Stutzle wins face-off versus Chandler Stephenson in Anaheim Ducks zone.
16:24 of 1st period - Victor Hedman is hit by Brenden Dillon and loses puck.
17:57 of 1st period - Penalty to William Nylander is over, William Nylander is back on ice.
18:15 of 1st period - Snap shot by William Nylander.
18:15 of 1st period - Deflect By J.T. Compher.
18:15 of 1st period - Stopped by Joey Daccord without a rebound.
18:16 of 1st period - Nick Bonino wins face-off versus John Tavares in Colorado Rockies zone.
19:57 of 1st period - Minor Penalty to Nazem Kadri for High sticking.
19:58 of 1st period - Ryan O'Reilly wins face-off versus Chandler Stephenson in Anaheim Ducks zone.
Goals for this period are 0 for Colorado Rockies vs 1 for Anaheim Ducks.
Shots for this period are 10 for Colorado Rockies vs 11 for Anaheim Ducks.
2nd period
0:01 of 2nd period - Chandler Stephenson wins face-off versus Jesper Bratt in neutral zone.
0:03 of 2nd period - Off-side.
0:04 of 2nd period - Chandler Stephenson wins face-off versus Ryan O'Reilly in neutral zone.
1:37 of 2nd period - Quinn Hughes is hit by J.T. Compher and loses puck.
1:44 of 2nd period - J.T. Compher is hit by David Pastrnak.
1:57 of 2nd period - Penalty to Nazem Kadri is over, Nazem Kadri is back on ice.
2:05 of 2nd period - Icing by Brenden Dillon.
2:06 of 2nd period - Nick Bonino wins face-off versus Chandler Stephenson in Anaheim Ducks zone.
2:19 of 2nd period - Snap shot by Kyle Palmieri.
2:19 of 2nd period - Shot Misses the Net.
2:21 of 2nd period - Slapshot by Martin Fehervary.
2:21 of 2nd period - Shot Misses the Net.
3:08 of 2nd period - Off-side.
3:09 of 2nd period - Nazem Kadri wins face-off versus Ryan O'Reilly in neutral zone.
3:25 of 2nd period - Snap shot by Nikita Kucherov.
3:25 of 2nd period - Shot Misses the Net.
3:35 of 2nd period - Tim Stutzle is hit by William Nylander and loses puck.
3:44 of 2nd period - Wrist shot by Tim Stutzle.
3:44 of 2nd period - Goal by Tim Stutzle - Colorado Rockies : 1 - Anaheim Ducks : 1.
3:45 of 2nd period - Tim Stutzle wins face-off versus John Tavares in neutral zone.
4:00 of 2nd period - Quinn Hughes is hit by Mark Scheifele and loses puck.
4:15 of 2nd period - Snap shot by Alex Killorn.
4:15 of 2nd period - Stopped by Joey Daccord with a rebound.
4:17 of 2nd period - Snap shot by Josh Manson.
4:17 of 2nd period - Shot Misses the Net.
4:19 of 2nd period - Snap shot by Max Domi.
4:19 of 2nd period - Shot Blocked by Victor Hedman.
4:21 of 2nd period - Slapshot by Josh Manson.
4:21 of 2nd period - Shot Misses the Net.
4:23 of 2nd period - Slapshot by Josh Manson.
4:23 of 2nd period - Stopped by Joey Daccord with a rebound.
4:25 of 2nd period - Backhand shot by Chandler Stephenson.
4:25 of 2nd period - Shot Misses the Net.
4:39 of 2nd period - Calle Jarnkrok is hit by Victor Hedman and loses puck.
4:50 of 2nd period - Slapshot by Quinn Hughes.
4:50 of 2nd period - Stopped by Linus Ullmark without a rebound.
4:51 of 2nd period - John Tavares wins face-off versus Tim Stutzle in Anaheim Ducks zone.
5:07 of 2nd period - Snap shot by William Nylander.
5:07 of 2nd period - Stopped by Joey Daccord without a rebound.
5:08 of 2nd period - Chandler Stephenson wins face-off versus Ryan O'Reilly in Colorado Rockies zone.
5:18 of 2nd period - Minor Penalty to Vince Dunn for Hooking.
5:19 of 2nd period - John Tavares wins face-off versus Nick Bonino in Colorado Rockies zone.
6:10 of 2nd period - Snap shot by Nick Schmaltz.
6:10 of 2nd period - Stopped by Linus Ullmark without a rebound.
6:11 of 2nd period - Nick Bonino wins face-off versus Chandler Stephenson in Anaheim Ducks zone.
7:17 of 2nd period - Martin Fehervary is hit by Morgan Rielly and loses puck.
7:18 of 2nd period - Penalty to Vince Dunn is over, Vince Dunn is back on ice.
7:33 of 2nd period - Tim Stutzle is hit by Joshua Morrissey and loses puck.
8:40 of 2nd period - Alex Killorn is hit by David Pastrnak and loses puck.
9:40 of 2nd period - Off-side.
9:41 of 2nd period - Chandler Stephenson wins face-off versus Evgeny Kuznetsov in neutral zone.
10:12 of 2nd period - Snap shot by William Nylander.
10:12 of 2nd period - Stopped by Joey Daccord without a rebound.
10:13 of 2nd period - Tim Stutzle wins face-off versus John Tavares in Colorado Rockies zone.
11:33 of 2nd period - Snap shot by Nazem Kadri.
11:33 of 2nd period - Stopped by Joey Daccord with a rebound.
11:45 of 2nd period - David Pastrnak is hit by William Nylander and loses puck.
12:20 of 2nd period - Slapshot by Max Domi.
12:20 of 2nd period - Stopped by Joey Daccord with a rebound.
12:34 of 2nd period - Wrist shot by Nick Bonino.
12:34 of 2nd period - Stopped by Linus Ullmark without a rebound.
12:35 of 2nd period - Nick Bonino wins face-off versus John Tavares in Anaheim Ducks zone.
12:36 of 2nd period - Snap shot by Michael Bunting.
12:36 of 2nd period - Shot Hit the Post.
12:40 of 2nd period - Wrist shot by Michael Bunting.
12:40 of 2nd period - Shot Blocked by Esa Lindell.
12:42 of 2nd period - Slapshot by Nick Bonino.
12:42 of 2nd period - Deflect By Michael Bunting.
12:42 of 2nd period - Stopped by Linus Ullmark with a rebound.
12:44 of 2nd period - Slapshot by Michael Bunting.
12:44 of 2nd period - Stopped by Linus Ullmark without a rebound.
12:45 of 2nd period - Tim Stutzle wins face-off versus John Tavares in Anaheim Ducks zone.
13:00 of 2nd period - Wrist shot by John Tavares.
13:00 of 2nd period - Stopped by Joey Daccord without a rebound.
13:01 of 2nd period - Ryan O'Reilly wins face-off versus Max Domi in Colorado Rockies zone.
13:01 of 2nd period - Ryan O'Reilly is hit by Morgan Rielly.
13:04 of 2nd period - Minor Penalty to Vince Dunn for Roughing.
13:05 of 2nd period - Nick Bonino wins face-off versus Mark Scheifele in Colorado Rockies zone.
13:21 of 2nd period - Snap shot by Mark Scheifele.
13:21 of 2nd period - Shot Blocked by Victor Hedman.
14:13 of 2nd period - Nikita Zadorov is hit by Josh Manson.
15:04 of 2nd period - Penalty to Vince Dunn is over, Vince Dunn is back on ice.
15:15 of 2nd period - Slapshot by Teuvo Teravainen.
15:15 of 2nd period - Stopped by Joey Daccord with a rebound.
15:17 of 2nd period - Snap shot by Esa Lindell.
15:17 of 2nd period - Deflect By Vince Dunn.
15:17 of 2nd period - Stopped by Joey Daccord with a rebound.
15:19 of 2nd period - Slapshot by Brenden Dillon.
15:19 of 2nd period - Stopped by Joey Daccord without a rebound.
15:20 of 2nd period - Ryan O'Reilly wins face-off versus Nazem Kadri in Colorado Rockies zone.
15:20 of 2nd period - Ryan O'Reilly is hit by Esa Lindell.
15:46 of 2nd period - J.T. Compher is hit by Andrew Peeke and loses puck.
15:59 of 2nd period - Slapshot by William Nylander.
15:59 of 2nd period - Shot Misses the Net.
16:01 of 2nd period - Backhand shot by William Nylander.
16:01 of 2nd period - Shot Misses the Net.
16:35 of 2nd period - Snap shot by Nick Schmaltz.
16:35 of 2nd period - Shot Misses the Net.
16:37 of 2nd period - Wrist shot by Quinn Hughes.
16:37 of 2nd period - Stopped by Linus Ullmark without a rebound.
16:38 of 2nd period - John Tavares wins face-off versus Evgeny Kuznetsov in Anaheim Ducks zone.
17:15 of 2nd period - Wrist shot by J.T. Compher.
17:15 of 2nd period - Stopped by Joey Daccord without a rebound.
17:16 of 2nd period - David Pastrnak wins face-off versus J.T. Compher in Colorado Rockies zone.
17:16 of 2nd period - David Pastrnak is hit by Joshua Morrissey.
17:42 of 2nd period - Wrist shot by J.T. Compher.
17:42 of 2nd period - Shot Blocked by Nikita Zadorov.
17:56 of 2nd period - Backhand shot by Tim Stutzle.
17:56 of 2nd period - Deflect By David Pastrnak.
17:56 of 2nd period - Stopped by Linus Ullmark with a rebound.
18:16 of 2nd period - Snap shot by David Pastrnak.
18:16 of 2nd period - Shot Misses the Net.
18:18 of 2nd period - Slapshot by Martin Fehervary.
18:18 of 2nd period - Shot Blocked by Joshua Morrissey.
18:24 of 2nd period - Slapshot by David Pastrnak.
18:24 of 2nd period - Shot Blocked by Joshua Morrissey.
18:26 of 2nd period - Wrist shot by Martin Fehervary.
18:26 of 2nd period - Shot Misses the Net.
18:32 of 2nd period - Snap shot by Tim Stutzle.
18:32 of 2nd period - Deflect By David Pastrnak.
18:32 of 2nd period - Stopped by Linus Ullmark without a rebound.
18:33 of 2nd period - John Tavares wins face-off versus Ryan O'Reilly in Anaheim Ducks zone.
19:06 of 2nd period - Snap shot by Nick Schmaltz.
19:06 of 2nd period - Shot Misses the Net.
19:08 of 2nd period - Slapshot by Quinn Hughes.
19:08 of 2nd period - Shot Blocked by Esa Lindell.
19:10 of 2nd period - Slapshot by Nick Schmaltz.
19:10 of 2nd period - Shot Misses the Net.
19:12 of 2nd period - Snap shot by Evgeny Kuznetsov.
19:12 of 2nd period - Shot Misses the Net.
19:14 of 2nd period - Snap shot by Kevin Hayes.
19:14 of 2nd period - Shot Misses the Net.
19:16 of 2nd period - Backhand shot by Quinn Hughes.
19:16 of 2nd period - Shot Misses the Net.
19:33 of 2nd period - Snap shot by Nick Bonino.
19:33 of 2nd period - Shot Blocked by Morgan Rielly.
19:35 of 2nd period - Snap shot by Michael Bunting.
19:35 of 2nd period - Shot Blocked by Esa Lindell.
19:53 of 2nd period - Kyle Connor is hit by Esa Lindell and loses puck.
Goals for this period are 1 for Colorado Rockies vs 0 for Anaheim Ducks.
Shots for this period are 9 for Colorado Rockies vs 11 for Anaheim Ducks.
3rd period
0:01 of 3rd period - Ryan O'Reilly wins face-off versus John Tavares in neutral zone.
0:03 of 3rd period - Nikita Kucherov is hit by Josh Manson and loses puck.
0:43 of 3rd period - Minor Penalty to Max Domi for Tripping.
0:44 of 3rd period - Chandler Stephenson wins face-off versus Tim Stutzle in Anaheim Ducks zone.
2:12 of 3rd period - Icing by Jesper Bratt.
2:13 of 3rd period - Chandler Stephenson wins face-off versus Ryan O'Reilly in Colorado Rockies zone.
2:22 of 3rd period - Brenden Dillon is hit by Andrew Peeke and loses puck.
2:43 of 3rd period - Penalty to Max Domi is over, Max Domi is back on ice.
3:14 of 3rd period - Slapshot by Michael Bunting.
3:14 of 3rd period - Stopped by Linus Ullmark with a rebound.
3:16 of 3rd period - Wrist shot by Kyle Palmieri.
3:16 of 3rd period - Stopped by Linus Ullmark without a rebound.
3:17 of 3rd period - John Tavares wins face-off versus Ryan O'Reilly in Anaheim Ducks zone.
3:22 of 3rd period - Wrist shot by Mark Scheifele.
3:22 of 3rd period - Goal by Mark Scheifele - Colorado Rockies : 1 - Anaheim Ducks : 2.
3:23 of 3rd period - John Tavares wins face-off versus Ryan O'Reilly in neutral zone.
3:26 of 3rd period - Wrist shot by William Nylander.
3:26 of 3rd period - Stopped by Joey Daccord with a rebound.
3:28 of 3rd period - Wrist shot by Mark Scheifele.
3:28 of 3rd period - Shot Misses the Net.
3:30 of 3rd period - Slapshot by Ivan Provorov.
3:30 of 3rd period - Stopped by Joey Daccord with a rebound.
3:32 of 3rd period - Snap shot by Joshua Morrissey.
3:32 of 3rd period - Stopped by Joey Daccord without a rebound.
3:33 of 3rd period - John Tavares wins face-off versus Ryan O'Reilly in Colorado Rockies zone.
4:06 of 3rd period - Ryan O'Reilly is hit by John Tavares and loses puck.
4:21 of 3rd period - Wrist shot by William Nylander.
4:21 of 3rd period - Stopped by Joey Daccord with a rebound.
4:23 of 3rd period - Wrist shot by William Nylander.
4:23 of 3rd period - Shot Blocked by Victor Hedman.
5:14 of 3rd period - Victor Hedman is hit by Mark Scheifele and loses puck.
5:22 of 3rd period - Minor Penalty to Joshua Morrissey for Hooking.
5:23 of 3rd period - Michael Bunting wins face-off versus Alex Killorn in Anaheim Ducks zone.
5:27 of 3rd period - Wrist shot by Jesper Bratt.
5:27 of 3rd period - Stopped by Linus Ullmark without a rebound.
5:28 of 3rd period - Chandler Stephenson wins face-off versus Michael Bunting in Anaheim Ducks zone.
5:28 of 3rd period - Chandler Stephenson is hit by Andrew Peeke.
6:01 of 3rd period - Off-side.
6:02 of 3rd period - Tim Stutzle wins face-off versus J.T. Compher in neutral zone.
6:15 of 3rd period - Slapshot by Tim Stutzle.
6:15 of 3rd period - Goal by Tim Stutzle - Colorado Rockies : 2 - Anaheim Ducks : 2.
6:16 of 3rd period - Chandler Stephenson wins face-off versus Tim Stutzle in neutral zone.
6:43 of 3rd period - Evgeny Kuznetsov is hit by John Tavares and loses puck.
6:52 of 3rd period - Slapshot by Mark Scheifele.
6:52 of 3rd period - Stopped by Joey Daccord without a rebound.
6:53 of 3rd period - Chandler Stephenson wins face-off versus Ryan O'Reilly in Colorado Rockies zone.
7:04 of 3rd period - Snap shot by Nikita Kucherov.
7:04 of 3rd period - Stopped by Linus Ullmark without a rebound.
7:05 of 3rd period - John Tavares wins face-off versus Tim Stutzle in Anaheim Ducks zone.
7:32 of 3rd period - Nick Schmaltz is hit by Max Domi and loses puck.
8:34 of 3rd period - Josh Manson is hit by Nikita Zadorov and loses puck.
9:29 of 3rd period - Wrist shot by Tim Stutzle.
9:29 of 3rd period - Stopped by Linus Ullmark with a rebound.
9:57 of 3rd period - Snap shot by Nazem Kadri.
9:57 of 3rd period - Shot Blocked by Nikita Zadorov.
9:59 of 3rd period - Slapshot by Ivan Provorov.
9:59 of 3rd period - Stopped by Joey Daccord with a rebound.
10:01 of 3rd period - Wrist shot by Nazem Kadri.
10:01 of 3rd period - Deflect By Mason Marchment.
10:01 of 3rd period - Goal by Mason Marchment - Colorado Rockies : 2 - Anaheim Ducks : 3.
10:02 of 3rd period - Evgeny Kuznetsov wins face-off versus John Tavares in neutral zone.
10:11 of 3rd period - Kevin Hayes is hit by Morgan Rielly and loses puck.
11:18 of 3rd period - Minor Penalty to John Tavares for Hooking.
11:19 of 3rd period - Chandler Stephenson wins face-off versus Tim Stutzle in Anaheim Ducks zone.
11:28 of 3rd period - Slapshot by Quinn Hughes.
11:28 of 3rd period - Shot Misses the Net.
11:30 of 3rd period - Slapshot by Quinn Hughes.
11:30 of 3rd period - Deflect By Tim Stutzle.
11:30 of 3rd period - Stopped by Linus Ullmark without a rebound.
11:31 of 3rd period - Ryan O'Reilly wins face-off versus Chandler Stephenson in Anaheim Ducks zone.
12:09 of 3rd period - Slapshot by Vince Dunn.
12:09 of 3rd period - Stopped by Linus Ullmark without a rebound.
12:10 of 3rd period - Ryan O'Reilly wins face-off versus Chandler Stephenson in Anaheim Ducks zone.
12:15 of 3rd period - Backhand shot by David Pastrnak.
12:15 of 3rd period - Stopped by Linus Ullmark without a rebound.
12:16 of 3rd period - Chandler Stephenson wins face-off versus Ryan O'Reilly in Anaheim Ducks zone.
12:29 of 3rd period - Wrist shot by David Pastrnak.
12:29 of 3rd period - Shot Misses the Net.
13:03 of 3rd period - Icing by Kyle Connor.
13:04 of 3rd period - Tim Stutzle wins face-off versus J.T. Compher in Colorado Rockies zone.
13:09 of 3rd period - Snap shot by Tim Stutzle.
13:09 of 3rd period - Shot Misses the Net.
13:17 of 3rd period - Snap shot by Nikita Kucherov.
13:17 of 3rd period - Shot Misses the Net.
13:18 of 3rd period - Penalty to John Tavares is over, John Tavares is back on ice.
13:19 of 3rd period - Snap shot by Nikita Kucherov.
13:19 of 3rd period - Stopped by Linus Ullmark with a rebound.
13:21 of 3rd period - Slapshot by Andrew Peeke.
13:21 of 3rd period - Shot Blocked by Josh Manson.
13:23 of 3rd period - Wrist shot by Nikita Kucherov.
13:23 of 3rd period - Deflect By Kyle Connor.
13:23 of 3rd period - Shot Misses the Net.
13:23 of 3rd period - Puck is out of play.
13:24 of 3rd period - John Tavares wins face-off versus Evgeny Kuznetsov in Anaheim Ducks zone.
13:24 of 3rd period - John Tavares is hit by Nick Schmaltz.
13:52 of 3rd period - Slapshot by Victor Hedman.
13:52 of 3rd period - Stopped by Linus Ullmark without a rebound.
13:53 of 3rd period - Nick Bonino wins face-off versus Chandler Stephenson in Anaheim Ducks zone.
14:18 of 3rd period - Snap shot by Max Domi.
14:18 of 3rd period - Shot Blocked by Vince Dunn.
14:38 of 3rd period - Chandler Stephenson is hit by Andrew Peeke and loses puck.
15:21 of 3rd period - Teuvo Teravainen is hit by Quinn Hughes and loses puck.
15:27 of 3rd period - Off-side.
15:28 of 3rd period - Nick Bonino wins face-off versus J.T. Compher in neutral zone.
15:53 of 3rd period - Joshua Morrissey is hit by Martin Fehervary and loses puck.
16:52 of 3rd period - Vince Dunn is hit by Calle Jarnkrok and loses puck.
17:10 of 3rd period - Minor Penalty to Vince Dunn for Slashing.
17:11 of 3rd period - John Tavares wins face-off versus Nick Bonino in Colorado Rockies zone.
17:23 of 3rd period - Backhand shot by Mark Scheifele.
17:23 of 3rd period - Stopped by Joey Daccord without a rebound.
17:24 of 3rd period - John Tavares wins face-off versus Nick Bonino in Colorado Rockies zone.
17:50 of 3rd period - Ryan O'Reilly is hit by William Nylander and loses puck.
18:09 of 3rd period - Snap shot by Mark Scheifele.
18:09 of 3rd period - Stopped by Joey Daccord without a rebound.
18:10 of 3rd period - Chandler Stephenson wins face-off versus Nick Bonino in Colorado Rockies zone.
18:42 of 3rd period - Andrew Peeke is hit by Chandler Stephenson and loses puck.
19:10 of 3rd period - Penalty to Vince Dunn is over, Vince Dunn is back on ice.
19:11 of 3rd period - Icing by Ryan O'Reilly.
19:12 of 3rd period - William Nylander wins face-off versus Ryan O'Reilly in Colorado Rockies zone.
19:17 of 3rd period - Snap shot by William Nylander.
19:17 of 3rd period - Shot Misses the Net.
19:25 of 3rd period - Snap shot by John Tavares.
19:25 of 3rd period - Shot Misses the Net.
19:27 of 3rd period - Wrist shot by John Tavares.
19:27 of 3rd period - Shot Misses the Net.
19:29 of 3rd period - Snap shot by Ivan Provorov.
19:29 of 3rd period - Shot Blocked by Nikita Zadorov.
19:31 of 3rd period - Snap shot by William Nylander.
19:31 of 3rd period - Stopped by Joey Daccord with a rebound.
19:33 of 3rd period - Backhand shot by William Nylander.
19:33 of 3rd period - Deflect By Ryan O'Reilly.
19:33 of 3rd period - Shot Blocked by Victor Hedman.
19:33 of 3rd period - Puck is out of play.
19:34 of 3rd period - Bruce Cassidy call a timeout for Colorado Rockies.
19:34 of 3rd period - Ryan O'Reilly wins face-off versus William Nylander in Colorado Rockies zone.
Goals for this period are 1 for Colorado Rockies vs 2 for Anaheim Ducks.
Shots for this period are 11 for Colorado Rockies vs 11 for Anaheim Ducks.
Back to the Top